 Dungeon Crawl Stone Soup version 0.32-a0-519-g08f29ac1c3 (webtiles) character file.

Game seed: 16955568850231249409

2350 kae the Mimic (level 9, -2/78 HPs)
             Began as a Black Draconian Shapeshifter on Feb 27, 2024.
             Was an Initiate of Ru.
             Killed from afar by an acid dragon (22 damage)
             ... with a splash of acid
             ... on level 6 of the Dungeon.
             The game lasted 00:06:03 (6277 turns).

kae the Mimic (Black Draconian Shapeshifter)        Turns: 6277, Time: 00:06:03

Health: -2/78      AC:  7    Str: 16    XL:     9   Next: 20%
Magic:  9/9        EV: 16    Int: 12    God:    Ru [......]
Gold:   1154       SH:  0    Dex: 14    Spells: 8/8 levels left

rFire   . .          .
                       - Unarmed
rCold   . . .        (shield currently unavailable)
rNeg    . . .        (body armour unavailable)
rPois   .            (helmet restricted)
rElec   +            (no cloak)
rCorr   .            (no gloves)
SInv    .            (no boots)
Will    .....        (no amulet)
Stlth   +            O - +4 ring of protection
HPRegen 0.33/turn    Z - ring of wizardry
MPRegen 0.11/turn

%: wizardry (x1)
@: flux-form, corroded, glowing
A: glow, contaminating, galvanic breath, AC +7, unfitting armour, electricity
resistance, cold-blooded
a: Galvanic Breath, Begin Untransformation, Renounce Religion, Sacrifice
Artifice, Sacrifice Resistance, Sacrifice Drink, Reject Sacrifices


You were on level 6 of the Dungeon.
You worshipped Ru.
Ru was noncommittal.
You were something dangerously unstable.
You visited 1 branch of the dungeon, and saw 6 of its levels.

You collected 1154 gold pieces.


Innate Abilities, Weirdness & Mutations

You are something dangerously unstable.
You glow with magical radiation, making you easy to see and hit.
Foes you strike become dangerously contaminated with magical radiation.
You are incapable of wielding weapons or throwing items.
You can breathe arcing electricity.
Your glossy black scales are hard. (AC +7)
You cannot fit into any form of body armour.
You are resistant to electric shocks. (rElec)
You are cold-blooded and may be slowed by cold attacks.


   Skills:
 + Level 6.7 Fighting
 - Level 1.7 Dodging
 + Level 6.8 Unarmed Combat
 * Level 8.6 Shapeshifting


You had 8 spell levels left.
You didn't know any spells.
Your spell library contained the following spells:

 Spells                   Type           Power      Damage    Failure   Level
 Foxfire                  Conj/Fire      0%         2x1d4     13%         1
 Slow                     Hex            0%         N/A       13%         1
 Confusing Touch          Hex            0%         N/A       36%         3
 Sigil of Binding         Hex            0%         N/A       36%         3
 Vampiric Draining        Necr           0%         2d6       36%         3
 Plasma Beam              Fire/Air       0%         2x1d10    100%        6
 Starburst                Conj/Fire      0%         6d3       100%        6

Inventory:

Missiles
 f - 50 stones (quivered)
 i - 6 poisoned darts
Magical Staves
 h - a staff of cold {!a}
   (You found it on level 1 of the Dungeon)
Jewellery
 O - a +4 ring of protection (left hand)
   (You found it on level 3 of the Dungeon)
 Z - a ring of wizardry (right hand)
   (You found it on level 2 of the Dungeon)
Talismans
 b - a beast talisman
 c - a flux talisman (active)
 j - a talisman of death
   (You found it on level 5 of the Dungeon)
 m - a blade talisman
   (You found it on level 3 of the Dungeon)
Wands
 n - a wand of roots (19)
   (You took it off Ijyb on level 5 of the Dungeon)
Scrolls
 l - a scroll of enchant weapon
 o - a scroll of identify {@r1}
Potions
 a - 2 potions of lignification {!q}
 d - a potion of berserk rage {!q}
 g - 3 potions of curing {@q1}
 k - 3 potions of brilliance

Dungeon Overview and Level Annotations

Branches:
Dungeon (6/15) Zot: 26238  Temple (0/1) D:5

Altars:
Ashenzari
Cheibriados
Dithmenos
Ru
Sif Muna
Vehumet

Annotations:
D:5 1 runed translucent door, Crazy Yiuf

#.......... ####
#.......... ###..##
##......).. ##.....#
#.....†)). ###......##
#......... ###.........#
##........
......!.....###........#
#......................#
......)p......##......##
.......D......##...##+#
.............###..##
.............# #.##
......(.......####
#.............#
#...........###
#..$.......## ..


You could see an acid dragon (contam, catching breath).


Message History

You feel sick. The water moccasin misses you. 😮 HP[-1]
You take 1 damage, and now have 55/78 hp.
You closely miss the water moccasin.
You tail-slap the water moccasin, but do no damage.
You feel sick. The water moccasin barely misses you.
The water moccasin closely misses you. 😮 HP[-1]
You take 1 damage, and now have 54/78 hp.
Unknown command.
You hit the water moccasin.
The water moccasin shudders as magic cascades through it!
You kill the water moccasin!
You feel sick.
You feel sick.
You see here a water moccasin corpse. 😮 HP[-2]
You take 2 damage, and now have 52/78 hp.
You feel sick. 😮 HP[-1]
You take 1 damage, and now have 51/78 hp.
You feel sick. 😮 HP[-1]
You take 1 damage, and now have 50/78 hp.
You feel sick.
You feel sick.
You are no longer poisoned.
You see here a water moccasin corpse. 😮 HP[-1]
You take 1 damage, and now have 49/78 hp.
Unknown command.
f - 50 stones (gained 4) Key pressed, stopping explore.
Key pressed, stopping explore.
Unknown command. 😎 HP[+29]
Your hp is fully restored (78).
An ogre comes into view. It is wielding a +0 giant club.
The ogre shouts!
You hear a roar!
An ogre is nearby!
Unknown command.
An ogre is nearby!
An ogre is nearby!
An acid dragon comes into view.
The acid dragon roars!
The ogre hits you with a +0 giant club!!
You are too injured to fight recklessly! 😮 HP[-27]
You take 27 damage, and now have 51/78 hp.
MASSIVE DAMAGE!! (PAUSE) Unknown command.
You hit the ogre.
The ogre begins to glow.
The acid dragon spits acid at you. The splash of acid hits you!
The acid corrodes you! 😮 HP[-6]
You take 6 damage, and now have 45/78 hp.
Unknown command.
You hit the ogre but do no damage.
The ogre glows dangerously bright.
You tail-slap the ogre, but do no damage.
The ogre hits you with a +0 giant club!
* * * LOW HITPOINT WARNING * * *
😨 HP[-15]
You take 15 damage, and now have 30/78 hp.
You hit the ogre.
The ogre shudders as magic cascades through it!
The ogre twists and deforms.
The ogre barely misses you.
You hit the ogre.
You kill the ogre! 😨 HP[+1] Unknown command.
Okay, then.
You feel much better. 😮 HP[+25]
You regained 25 hp, and now have 56/78 hp.
Okay, then.
You hit the acid dragon but do no damage.
The acid dragon begins to glow.
The acid dragon bites you!
The acid dragon closely misses you. 😮 HP[-11]
You take 11 damage, and now have 45/78 hp.
You barely miss the acid dragon. The acid dragon bites you!
* * * LOW HITPOINT WARNING * * *
The acid dragon claws you but does no damage. 😨 HP[-9]
You take 9 damage, and now have 36/78 hp.
Unknown command.
You barely miss the acid dragon. The acid dragon spits acid at you.
The splash of acid hits you!
* * * LOW HITPOINT WARNING * * *
😱 HP[-17]
You take 17 damage, and now have 19/78 hp.
MASSIVE DAMAGE!! (PAUSE)
You completely miss the acid dragon. The acid dragon barely misses you.
The acid dragon claws you but does no damage.
You completely miss the acid dragon. The acid dragon spits acid at you.
The splash of acid hits you!!
You die...
Ru respects your ultimate sacrifice.

Skill      XL: |  1  2  3  4  5  6  7  8 |
---------------+-------------------------+-----
Fighting       | 2 3 4 5 6 |  6.7
Shapeshifting  | 4 5 7 8 |  8.6
Unarmed Combat | 4 5 6 |  6.8
Dodging        | |  1.7

Action                     |  1- 3 |  4- 6 |  7- 9 || total
---------------------------+-------+-------+-------++-------
  Melee: Unarmed           |   101 |   108 |   209 ||   418
         Tailslap          |     8 |    12 |    24 ||    44
         Punch             |     5 |     1 |       ||     6
Ability: Galvanic Breath   |       |       |     3 ||     3
    Use: Scroll            |     5 |     4 |     4 ||    13
         Potion            |       |     2 |     2 ||     4
   Stab: Sleeping          |     1 |     3 |       ||     4
 Armour: Skin              |    49 |    76 |   137 ||   262
  Dodge: Dodged            |    53 |    77 |   189 ||   319
         Repelled          |     3 |     1 |       ||     4
   Form: Flux              |       |     1 |       ||     1

Levels and vault maps discovered:
D:1:      heliophobic_arrival_glass_houses, layout_loops_ring,
          dreamdust_ecumenical_altar_hidden_monk_grotto
D:2:      layout_basic
D:3:      layout_basic, mainiacjoe_overflow_catwalk
D:4:      layout_rooms, mainiacjoe_overflow_cross_hatched,
          general_overflow_altar, nicolae_ru_sacrificial_ziggurat,
          grunt_ministairs_2, uniq_sigmund
D:5:      layout_rooms, minmay_temple_entry_junction, uniq_crazy_yiuf_cottage,
          uniq_prince_ribbit1, uniq_ijyb, uniq_grinder
D:6:      layout_cave_pods, mainiacjoe_overflow_swirl, chequers_garden,
          kennysheep_diamond, st_stairs_14

Notes
Turn   | Place    | Note
-------+----------+-------------------------------------------
     0 | D:1      | kae the Draconian Shapeshifter began the quest for the Orb.
     0 | D:1      | Reached XP level 1. HP: 16/16 MP: 1/1
     0 | D:1      | magus.rc [v1.11.3]
   215 | D:1      | Reached XP level 2. HP: 18/23 MP: 2/2
   597 | D:1      | Found a faded altar of an unknown god.
   837 | D:2      | Identified a scroll of acquirement
   837 | D:2      | Acquired 809 gold pieces
  1245 | D:2      | Reached XP level 3. HP: 29/29 MP: 3/3
  1527 | D:2      | Reached skill level 2 in Fighting
  2146 | D:3      | Reached XP level 4. HP: 36/36 MP: 4/4
  2232 | D:3      | Reached skill level 4 in Shapeshifting
  2565 | D:3      | You pick up a book of Fire and begin reading...
  2565 | D:3      | You add the spells Foxfire, Plasma Beam and Starburst to
                  | your library.
  2596 | D:3      | Found a shadowy altar of Dithmenos.
  2742 | D:3      | You pick up a book of Debilitation and begin reading...
  2742 | D:3      | You add the spells Slow, Sigil of Binding, Vampiric
                  | Draining and Confusing Touch to your library.
  2828 | D:3      | Identified the +1 ring mail "Juaci" {+Blink Dex+2}
  2893 | D:4      | Noticed Sigmund
  2895 | D:4      | Noticed a phantom
  2974 | D:4      | Noticed a scorpion
  2988 | D:3      | HP: 9/37 [poisoned by a scorpion]
  2990 | D:3      | Killed a scorpion
  2991 | D:3      | Reached XP level 5. HP: 6/42 MP: 5/5
  3216 | D:4      | Reached skill level 3 in Fighting
  3216 | D:4      | Reached skill level 4 in Unarmed Combat
  3393 | D:3      | HP: 10/45 [orc priest/nerve-wracking pain (13)]
  3395 | D:3      | HP: 3/45 [orc/+0 dagger (4)]
  3402 | D:3      | HP: 9/45 [orc/+0 dagger (4)]
  3406 | D:3      | HP: 3/45 [orc priest/divine providence (7)]
  3578 | D:3      | Killed a phantom
  3579 | D:3      | Reached skill level 5 in Shapeshifting
  3579 | D:3      | Reached XP level 6. HP: 41/51 MP: 6/6
  3596 | D:4      | Killed Sigmund
  3712 | D:4      | Found a shimmering blue altar of Sif Muna.
  3736 | D:4      | Reached skill level 4 in Fighting
  3736 | D:4      | Your scales start taking on a glossy black colour.
  3736 | D:4      | Reached XP level 7. HP: 50/59 MP: 7/7
  3736 | D:4      | Gained mutation: You are resistant to electric shocks.
                  | (rElec) [Black Draconian growth]
  3784 | D:4      | Found a broken altar of Ashenzari.
  3963 | D:4      | Identified the +1 robe "Tuackec" {-Cast +Blink rC- Regen+}
  3964 | D:4      | You pick up a book of Debilitation and begin reading...
  3975 | D:4      | Found a sacrificial altar of Ru.
  4205 | D:4      | Became a worshipper of Ru the Awakened
  4225 | D:5      | Entered Level 5 of the Dungeon
  4225 | D:5      | Noticed Prince Ribbit
  4295 | D:5      | Found a staircase to the Ecumenical Temple.
  4302 | D:5      | Reached skill level 6 in Shapeshifting
  4321 | D:5      | Reached skill level 5 in Unarmed Combat
  4441 | D:5      | HP: 13/55 [Prince Ribbit (10)]
  4456 | D:5      | Killed Prince Ribbit
  4500 | D:5      | Reached skill level 5 in Fighting
  4562 | D:5      | Noticed Grinder
  4766 | D:5      | Paralysed by Grinder for 5 turns
  4773 | D:5      | Killed Grinder
  4774 | D:5      | Reached skill level 7 in Shapeshifting
  4774 | D:5      | Reached XP level 8. HP: 48/68 MP: 8/8
  5121 | D:5      | Reached skill level 6 in Unarmed Combat
  5158 | D:5      | Identified the +0 leather armour "Hojetzoc" {Int+3}
  5370 | D:5      | Noticed Ijyb
  5382 | D:5      | Killed Ijyb
  5383 | D:5      | Reached skill level 6 in Fighting
  5435 | D:5      | You pick up a book of Debilitation and begin reading...
  5476 | D:5      | Found a runed translucent door.
  5477 | D:5      | Noticed Crazy Yiuf
  5709 | D:6      | Reached skill level 8 in Shapeshifting
  5839 | D:6      | Reached XP level 9. HP: 60/78 MP: 9/9
  5980 | D:6      | Found a radiant altar of Vehumet.
  5990 | D:6      | Found a snail-covered altar of Cheibriados.
  6275 | D:6      | HP: 19/78 [acid dragon/splash of acid (17)]
  6277 | D:6      | Killed from afar by an acid dragon

Vanquished Creatures
  Grinder (D:5)
  Prince Ribbit (D:5)
  Sigmund (D:4)
  A water moccasin (D:6)
  An orc warrior (D:6)
  2 ogres (D:6)
  3 centaurs
  2 phantoms
  A gnoll sergeant (D:5)
  3 scorpions
  4 wights (D:6)
  2 howler monkeys
  A bombardier beetle (D:3)
  An orc priest (D:3)
  A hound (D:6)
  2 jellies
  Ijyb (D:5)
  4 iguanas (D:5)
  An orc wizard (D:6)
  7 gnolls (D:5)
  6 adders
  2 shadow imps (D:6)
  2 ufetubi (D:5)
  3 dart slugs
  3 ribbon worms
  13 orcs
  6 ball pythons
  4 bats
  6 endoplasms
  3 giant cockroaches
  9 goblins
  3 hobgoblins
  5 jackals
  5 quokkas
  A frilled lizard (D:3)
  6 kobolds
  4 rats
121 creatures vanquished.

Vanquished Creatures (others)
  An adder (D:3)
1 creature vanquished.

Grand Total: 122 creatures vanquished

Table legend:
 A = Non-vault XP
 B = Vault XP
 C = Vault XP percentage of total XP
 D = Non-vault monster count
 E = Vault monster count
 F = Vault count percentage of total count
                 A         B        C        D         E       F
            +---------+---------+-------+---------+---------+-------
      Total |    2403 |     955 |  28.4 |     115 |       7 |   5.7
            +---------+---------+-------+---------+---------+-------
        D:1 |      21 |       0 |   0.0 |      11 |       0 |   0.0
        D:2 |      46 |       0 |   0.0 |      22 |       0 |   0.0
        D:3 |     242 |     106 |  30.5 |      22 |       2 |   8.3
        D:4 |     101 |     239 |  70.3 |      16 |       1 |   5.9
        D:5 |     978 |     567 |  36.7 |      28 |       3 |   9.7
        D:6 |    1015 |      43 |   4.1 |      16 |       1 |   5.9
            +---------+---------+-------+---------+---------+-------

Skill      XL: |  1  2  3  4  5  6  7  8 |
---------------+-------------------------+-----
Fighting       | 2 3 4 5 6 |  6.7
Shapeshifting  | 4 5 7 8 |  8.6
Unarmed Combat | 4 5 6 |  6.8
Dodging        | |  1.7

Action                     |  1- 3 |  4- 6 |  7- 9 || total
---------------------------+-------+-------+-------++-------
  Melee: Unarmed           |   101 |   108 |   209 ||   418
         Tailslap          |     8 |    12 |    24 ||    44
         Punch             |     5 |     1 |       ||     6
Ability: Galvanic Breath   |       |       |     3 ||     3
    Use: Scroll            |     5 |     4 |     4 ||    13
         Potion            |       |     2 |     2 ||     4
   Stab: Sleeping          |     1 |     3 |       ||     4
 Armour: Skin              |    49 |    76 |   137 ||   262
  Dodge: Dodged            |    53 |    77 |   189 ||   319
         Repelled          |     3 |     1 |       ||     4
   Form: Flux              |       |     1 |       ||     1

Illustrated notes

Table legend:
 A = Kills in this place as a percentage of kills in the entire game.
 B = Kills by you in this place as a percentage of kills by you in the entire game.
 C = Kills by friends in this place as a percentage of kills by friends in the entire game.
 D = Other kills in this place as a percentage of other kills in the entire game.
 E = Experience gained in this place as a percentage of experience gained in the entire game.
 F = Experience gained in this place divided by the number of levels of this place that you have seen.
                   A       B       C       D       E      F
               +-------+-------+-------+-------+-------+----------------------
         Total | 100.0 | 100.0 |   N/A | 100.0 | 100.0 | 559.7
       Dungeon | 100.0 | 100.0 |   N/A | 100.0 | 100.0 | 559.7
               +-------+-------+-------+-------+-------+----------------------

Table legend: (Time is in decaauts)
 A = Elapsed time spent in this place.
 B = Non-inter-level travel time spent in this place.
 C = Inter-level travel time spent in this place.
 D = Time resting spent in this place.
 E = Time spent auto-exploring this place.
 F = Levels seen in this place.
 G = Mean time per level.
                   A        B        C        D        E       F      G
               +--------+--------+--------+--------+--------+-----+--------+
         Total |   6251 |   5982 |    269 |    730 |   4248 |   6 | 1041.8 |
       Dungeon |   6251 |   5982 |    269 |    730 |   4248 |   6 | 1041.8 |
               +--------+--------+--------+--------+--------+-----+--------+

Top non-repeatable levels by time:
     D:3: 1554 daAuts
     D:5: 1163 daAuts
     D:2: 1134 daAuts
     D:1: 834 daAuts
     D:4: 803 daAuts
     D:6: 760 daAuts
